 Dungeon Crawl Stone Soup version 0.19.1-1-g22dce08 (webtiles) character file.

396 Lennu the Slasher (level 7, -4/55 HPs)
             Began as a Formicid Monk on Jan 3, 2017.
             Was a Priest of Makhleb.
             Killed by nerve-wracking pain
             ... invoked by Grinder
              (7 damage)
             ... on level 4 of the Dungeon.
             The game lasted 00:31:50 (4558 turns).

Lennu the Slasher (Formicid Monk)                   Turns: 4558, Time: 00:31:51

Health: -4/55      AC:  8    Str: 15    XL:     7   Next: 9%
Magic:  8/8        EV: 10    Int: 10    God:    Makhleb [***...]
Gold:   207        SH:  4    Dex: 15    Spells: 0 memorised, 6 levels left

rFire  + . .     SeeInvis +     a - +0 falchion
rCold  . . .     Gourm    .     n - +0 scale mail
rNeg   . . .     Faith    .     y - +0 buckler
rPois  .         Spirit   .     (helmet unavailable)
rElec  .         Reflect  .     u - +0 cloak
rCorr  .         Harm     .     f - +0 pair of gloves
MR     .....                    (no boots)
Stlth  +.........               (no amulet)
                                A - ring of flight
                                i - ring of protection from fire

@: no status effects
A: permanent stasis, dig shafts and tunnels, four strong arms, antennae 3
a: Dig, Shaft Self, Minor Destruction, Lesser Servant of Makhleb, Renounce
Religion, Evoke Flight


You were on level 4 of the Dungeon.
You worshipped Makhleb.
Makhleb was most pleased with you.
You were not hungry.

You visited 1 branch of the dungeon, and saw 4 of its levels.
You also visited: Sewer.

You collected 207 gold pieces.

Inventory:

Hand Weapons
 a - a +0 falchion (weapon)
Missiles
 r - a throwing net (quivered)
Armour
 f - a +0 pair of gloves (worn)
 n - a +0 scale mail (worn)
 u - a +0 cloak (worn)
 y - a +0 buckler (worn)
Jewellery
 i - a ring of protection from fire (left hand)
 A - a ring of flight (right hand)
Scrolls
 b - 2 scrolls of remove curse
 j - 2 scrolls of immolation
 s - a scroll of identify
 t - a scroll of random uselessness
Potions
 e - 4 potions of degeneration
 k - a potion of haste
 l - a potion of agility
 m - 2 potions of flight
 q - a potion of brilliance {unknown}
 v - a potion of heal wounds {unknown}
 w - a potion of invisibility {unknown}
 x - a potion of lignification {unknown}
Comestibles
 c - 3 bread rations
 d - 7 fruits
 h - a royal jelly
 z - a meat ration


   Skills:
 * Level 4.3 Fighting
 * Level 5.1 Long Blades
 + Level 1.6 Throwing
 * Level 2.6 Armour
 * Level 3.5 Dodging
 + Level 2.6 Stealth
 * Level 0.8 Shields
 * Level 1.4 Invocations


You had 6 spell levels left.
You didn't know any spells.

Dungeon Overview and Level Annotations

Branches:
Dungeon (4/15)
 Temple: D:4-7

Altars:
Makhleb

Shops:
D:4 =(

Annotations:
D:4 Grinder, Pikel


Innate Abilities, Weirdness & Mutations

You are under a permanent stasis effect.
You can dig through walls and to a lower floor.
Your four strong arms can wield two-handed weapons with a shield.
You have a pair of large antennae on your head. (SInv)


Message History

There is an entrance to Ovopor's Antique Weapon Boutique here.
You feel sick.
You start resting.
You feel sick.
You feel sick.
You are no longer poisoned.
Grinder gestures at you. Pain shoots through your body!
* * * LOW HITPOINT WARNING * * *
Found Iffesued's Jewellery Shoppe.
You don't have enough health at the moment.
Grinder says, "Are you a fish?" Grinder gestures at you.
You resist with some effort.
The frilled lizard hisses angrily.
Found a black potion.
Okay, then.
Grinder gestures at you. Pain shoots through your body!
You die...

.# . ####.# ..
###..#.##
...............#
##.....#.....!..#
.........#....8######
...................#
.........@......#.#
...........∩......
#.##.#.#..#l...##.#.
#...<#.#..#..#.# #....
.....#$#p..###..#8#
#.... ###
#..........5.######.#.#
#####.#####...5...#.#.#
... #.#####.#.#.# {
.#..... #.#.#.##


You could see Grinder and a frilled lizard.

Vanquished Creatures
  A scorpion (D:4)
  A jelly (D:3)
  Crazy Yiuf (D:2)
  Natasha (thrice) (D:3)
  A worker ant (D:4)
  3 adders
  A river rat (D:3)
  5 oozes (Sewer)
  10 worms
  A dart slug (D:1)
  5 leopard geckos
  5 orcs
  7 giant cockroaches
  12 goblins
  5 hobgoblins
  6 jackals
  A quokka (D:3)
  A ball python (Sewer)
  11 bats
  7 frilled lizards
  8 kobolds
  10 rats
105 creatures vanquished.

Notes
Turn   | Place    | Note
-------+----------+-------------------------------------------
     0 | D:1      | Lennu the Formicid Monk began the quest for the Orb.
     0 | D:1      | Reached XP level 1. HP: 18/18 MP: 1/1
   355 | D:1      | Reached XP level 2. HP: 24/24 MP: 2/2
   857 | D:1      | Reached XP level 3. HP: 29/29 MP: 3/3
  1438 | D:2      | Reached skill level 1 in Throwing
  1448 | D:2      | Reached XP level 4. HP: 28/37 MP: 4/4
  1551 | D:2      | Found a runed door.
  1555 | D:2      | Noticed Crazy Yiuf
  1568 | D:2      | Killed Crazy Yiuf
  1568 | D:2      | Reached skill level 4 in Long Blades
  1883 | D:3      | Found a burning altar of Makhleb.
  1894 | D:3      | Became a worshipper of Makhleb the Destroyer
  1894 | D:3      | Reached * piety under Makhleb
  1894 | D:3      | Reached ** piety under Makhleb
  1911 | D:3      | Reached skill level 1 in Armour
  1911 | D:3      | Reached XP level 5. HP: 42/42 MP: 5/5
  1968 | D:3      | Noticed Natasha
  1974 | D:3      | Killed Natasha
  2371 | D:3      | Found a glowing drain.
  2385 | Sewer    | Entered a sewer
  2842 | Sewer    | Reached XP level 6. HP: 29/48 MP: 6/6
  3560 | D:3      | Noticed Natasha
  3579 | D:3      | Killed Natasha
  3579 | D:3      | Reached skill level 1 in Invocations
  4033 | D:3      | Noticed Natasha
  4040 | D:3      | Killed Natasha
  4174 | D:3      | Reached *** piety under Makhleb
  4272 | D:4      | Reached skill level 5 in Long Blades
  4272 | D:4      | Reached XP level 7. HP: 38/54 MP: 6/8
  4439 | D:4      | Noticed Grinder
  4448 | D:4      | Noticed Pikel
  4534 | D:4      | Found Ovopor's Antique Weapon Boutique.
  4551 | D:4      | Found Iffesued's Jewellery Shoppe.
  4551 | D:4      | HP: 2/55 [Grinder/nerve-wracking pain (8)]
  4558 | D:4      | Killed from afar by Grinder

Skill      XL: |  1  2  3  4  5  6 |
---------------+-------------------+-----
Throwing       | 1 |  1.6
Dodging        | 3 |  3.5
Long Blades    | 4 5 |  5.1
Armour         | 1 2 |  2.6
Fighting       | 4 |  4.3
Invocations    | 1 |  1.4
Stealth        | |  2.6
Shields        | |  0.8

Action                   |  1- 3 |  4- 6 |  7- 9 || total
-------------------------+-------+-------+-------++-------
Melee: Falchion          |   103 |   323 |    22 ||   448
Throw: Throwing net      |       |     1 |       ||     1
Invok: Minor Destruction |       |     4 |       ||     4
  Use: Scroll            |     4 |     2 |     3 ||     9
       Potion            |     5 |     3 |       ||     8
 Stab: Sleeping          |     1 |       |       ||     1
  Eat: Chunk             |     2 |     8 |     1 ||    11
       Royal jelly       |       |     1 |       ||     1
Armor: Robe              |     3 |       |       ||     3
       Chain mail        |    14 |       |       ||    14
       Scale mail        |    22 |   144 |     6 ||   172
Dodge: Dodged            |    50 |   157 |     9 ||   216
Block: Buckler           |       |     3 |     3 ||     6
       Rpst.: Falchion   |    12 |    53 |       ||    65
